 Dungeon Crawl Stone Soup version 0.32-a0-599-gba8f9cf90e (webtiles) character file.

Game seed: 11444438927766558136

2591 cforsyth the Reanimator (level 9, -5/82 HPs)
             Began as a Mountain Dwarf Necromancer on Mar 2, 2024.
             Slain by a dream sheep (22 damage)
             ... on level 7 of the Dungeon.
             The game lasted 00:17:50 (10520 turns).

cforsyth the Reanimator (MDNe)                     Turns: 10520, Time: 00:17:50

Health: -5/82      AC: 12    Str: 12    XL:     9   Next: 33%
Magic:  11/11      EV:  2    Int: 19    God:
Gold:   268        SH:  0    Dex: 10    Spells: 6/11 levels left

rFire   . . .        C - +0 war axe
rCold   . . .        (no shield)
rNeg    + . .        q - +0 chain mail
rPois   .            (no helmet)
rElec   .            (no cloak)
rCorr   .            (no gloves)
SInv    .            (no boots)
Will    .....        j - amulet of the acrobat Stlth
                     N - ring of positive energy
HPRegen 0.33/turn    T - +4 ring of protection
MPRegen 0.12/turn

%: acrobat
@: sleeping
A: runic magic, artefact enchanting
a: no special abilities


You were on level 7 of the Dungeon.
You visited 2 branches of the dungeon, and saw 8 of its levels.
You also visited: Ossuary.

You collected 268 gold pieces.


Innate Abilities, Weirdness & Mutations

Your spellcasting is much less encumbered by armour.
You can use scrolls of enchantment on lesser artefacts.


   Skills:
 - Level 8.6 Fighting
 + Level 4.7 Axes
 - Level 1.3 Dodging
 - Level 1.4 Stealth
 - Level 1.7 Spellcasting
 + Level 10.8 Necromancy


You had 6 spell levels left.
You knew the following spells:

 Your Spells              Type           Power      Damage    Failure   Level
a - Animate Dead          Necr           42%        N/A       4%          4
X - Necrotise             Necr           100%       1d9       1%          1

Your spell library contained the following spells:

 Spells                   Type           Power      Damage    Failure   Level
 Vampiric Draining        Necr           42%        2d9       1%          3
 Curse of Agony           Necr           42%        N/A       13%         5
 Cause Fear               Hex            0%         N/A       98%         4
 Fireball                 Conj/Fire      0%         3d3       100%        5
 Dragon's Call            Summ           0%         N/A       100%        9

Inventory:

Hand Weapons
 l - a +0 flail
 x - a +0 whip of electrocution
 C - a +0 war axe (weapon)
 H - the +5 rapier of Context {heavy, rPois Int+2 Dex+7 Stlth+}
   (You found it in an ossuary)

   Int+2:     It affects your intelligence (+2).
   Dex+7:     It affects your dexterity (+7).
   rPois:     It protects you from poison.
   Stlth+:    It makes you more stealthy.
Armour
 b - a +0 helmet
 q - a +0 chain mail (worn)
Magical Staves
 g - a staff of cold {!a}
 u - a staff of air {!a}
Jewellery
 j - an amulet of the acrobat (around neck)
 r - an amulet of reflection
 v - a ring of see invisible
 N - a ring of positive energy (left hand)
 T - a +4 ring of protection (right hand)
Wands
 s - a wand of flame (51)
 B - a wand of warping (8)
Scrolls
 c - a scroll of noise {unknown}
 h - 6 scrolls of identify {unknown}
 o - a scroll of enchant armour {unknown}
 w - a scroll of fog {unknown}
 y - a scroll of butterflies {unknown}
Potions
 a - 3 potions of mutation {unknown}
 d - 5 potions of might {unknown}
 f - a potion of heal wounds {unknown}
 i - a potion of resistance {unknown}
 k - 7 potions of curing {unknown}
 n - 3 potions of enlightenment {unknown}
 p - 3 potions of invisibility {unknown}
 t - a potion of haste {unknown}
 A - a potion of magic
 D - a potion of degeneration {unknown}
 E - a potion of ambrosia {unknown}
 F - 2 potions of attraction {unknown}
 G - a potion of cancellation {unknown}

Dungeon Overview and Level Annotations

Branches:
Dungeon (7/15)             Temple (1/1) D:7         Ossuary (visited)

Altars:
Ashenzari
Cheibriados
Dithmenos
Elyvilon
Fedhas
Gozag
Makhleb
Nemelex Xobeh
Qazlal
Ru
Sif Muna
Trog
Uskayaw
Vehumet
Wu Jian
Yredelemnul
Zin
The Shining One

Shops:
D:1

:!
...............................>.
............................▒▒)..
.............................▒▒)▒
..........................▒▒..▒.▒
....^......................▒▒....
............................▒▒...
..........................#..▒...
..........................#......
................@Y........###+###
.......##########Y#.............#
.......#.......Y..#.............#
.......#..(.......#.............#
.......#..........########......#
##...▒.#............,,,,,#......#
##.9▒▒.#..............,,,#......'
#..▒▒▒.#...............,,#......#
..▒▒.▒.'...............,,#......#


You could see 2 dream sheep.


Message History

You hit the dream sheep. The dream sheep closely misses you.
The dream sheep headbutts you but does no damage.
Unknown command.
Unknown command.
You completely miss the dream sheep.
The dream sheep is heavily wounded.
You hit the dream sheep but do no damage.
The dream sheep headbutts you but does no damage.
The dream sheep headbutts you.
* * * LOW HITPOINT WARNING * * *
The dream sheep headbutts you!
* * * LOW HITPOINT WARNING * * *
Unknown command.
You hit the dream sheep.
The dream sheep is heavily wounded.
You hit the dream sheep but do no damage.
The dream sheep headbutts you.
* * * LOW HITPOINT WARNING * * *
The dream sheep completely misses you.
Unknown command.
Unknown command.
You hit the dream sheep but do no damage.
The dream sheep is heavily wounded.
You hit the dream sheep but do no damage.
The dream sheep headbutts you.
* * * LOW HITPOINT WARNING * * *
The dream sheep shake their wool and sparkle.
You feel drowsy...
You fall asleep.
The dream sheep headbutts you!!
You die...

Skill      XL: |  1  2  3  4  5  6  7  8  9 |
---------------+----------------------------+-----
Fighting       | 1 2 3 4 5 7 8 |  8.6
Necromancy     | 5 6 7 8 10 | 10.8
Axes           | 2 4 |  4.7
Dodging        | |  1.3
Stealth        | |  1.4
Spellcasting   | |  1.7

Action                     |  1- 3 |  4- 6 |  7- 9 || total
---------------------------+-------+-------+-------++-------
  Melee: Unarmed           |    10 |       |       ||    10
         Flail             |     9 |    21 |    16 ||    46
         War axe           |       |       |   194 ||   194
         Whip              |       |       |    84 ||    84
   Cast: Necrotise         |    79 |    86 |   198 ||   363
  Evoke: Wand              |       |       |    13 ||    13
    Use: Potion            |       |     1 |       ||     1
         Scroll            |       |       |     6 ||     6
 Armour: Robe              |    20 |       |       ||    20
         Chain mail        |       |    72 |   470 ||   542
  Dodge: Dodged            |    22 |    22 |   176 ||   220

Levels and vault maps discovered:
D:1:      dpeg_arrival_solitude, layout_rooms, serial_shops, shop, shop,
          nicolae_shop_tiny_real_fake_doors
D:2:      layout_basic
D:3:      layout_basic
D:4:      layout_rooms, mainiacjoe_overflow_alcove_2, uniq_robin
D:5:      layout_basic, mainiacjoe_overflow_concentric_impassable,
          lemuel_doored_altar, uniq_eustachio
D:6:      layout_basic, kennysheep_generic_room_9
D:7:      layout_gridville, minmay_temple_entry_waves,
          gup_ossuary_entry_pyramid, serial_shops, nicolae_shop_tiny_glass,
          dreamdust_gnoll_shepherd
Temple:   nicolae_temple_bog_church

Notes
Turn   | Place    | Note
-------+----------+-------------------------------------------
     0 | D:1      | cforsyth the Mountain Dwarf Necromancer began the quest for
                  | the Orb.
     0 | D:1      | Reached XP level 1. HP: 14/14 MP: 3/3
   198 | D:1      | Found Agaez's Distillery.
   207 | D:1      | Reached skill level 1 in Fighting
   308 | D:1      | Reached XP level 2. HP: 23/23 MP: 1/4
   547 | D:1      | Found Ochaib's Book Boutique.
  1215 | D:2      | Reached skill level 2 in Fighting
  1246 | D:2      | Reached skill level 5 in Necromancy
  1246 | D:2      | Reached XP level 3. HP: 29/29 MP: 3/5
  2616 | D:4      | Reached skill level 3 in Fighting
  2616 | D:4      | Reached XP level 4. HP: 38/38 MP: 2/6
  2645 | D:3      | Learned a level 4 spell: Animate Dead
  2730 | D:4      | Reached XP level 5. HP: 28/45 MP: 1/7
  2902 | D:4      | Reached skill level 6 in Necromancy
  3069 | D:4      | Found a sacrificial altar of Ru.
  3111 | D:4      | Reached skill level 4 in Fighting
  3234 | D:4      | Noticed Robin
  3350 | D:4      | Killed Robin
  3465 | D:4      | Reached XP level 6. HP: 53/53 MP: 1/8
  3729 | D:5      | Entered Level 5 of the Dungeon
  4015 | D:5      | Noticed Eustachio
  4027 | D:5      | Killed Eustachio
  4028 | D:5      | Reached skill level 5 in Fighting
  4028 | D:5      | Reached skill level 7 in Necromancy
  4154 | D:5      | Reached XP level 7. HP: 61/61 MP: 3/9
  4383 | D:5      | Found a broken altar of Ashenzari.
  4390 | D:5      | Reached skill level 6 in Fighting
  4685 | D:5      | Found a white marble altar of Elyvilon.
  5149 | D:5      | Noticed a steam dragon
  5167 | D:5      | Killed a steam dragon
  5168 | D:5      | Reached skill level 8 in Necromancy
  5473 | D:6      | Reached skill level 7 in Fighting
  5473 | D:6      | Reached XP level 8. HP: 58/73 MP: 0/10
  6160 | D:6      | Reached skill level 9 in Necromancy
  6616 | D:6      | Reached skill level 8 in Fighting
  7384 | D:7      | Noticed a dream sheep
  7384 | D:7      | Noticed a dream sheep
  7384 | D:7      | Noticed a dream sheep
  7602 | D:7      | Noticed a gargoyle
  7634 | D:7      | Found a sand-covered staircase.
  7640 | Ossuary  | Entered an ossuary
  7977 | Ossuary  | Reached skill level 1 in Axes
  8000 | Ossuary  | Reached skill level 10 in Necromancy
  8164 | Ossuary  | Reached skill level 2 in Axes
  8300 | Ossuary  | Reached XP level 9. HP: 26/82 MP: 11/11
  8481 | Ossuary  | Identified the +5 rapier of Context {heavy, rPois Int+2
                  | Dex+7 Stlth+}
  8891 | D:7      | Found a staircase to the Ecumenical Temple.
  8900 | Temple   | Entered the Ecumenical Temple
  8905 | Temple   | Reached skill level 3 in Axes
  9319 | Temple   | HP: 8/82 [poisoned by a killer bee]
 10293 | D:7      | Reached skill level 4 in Axes
 10520 | D:7      | Slain by a dream sheep

Vanquished Creatures
  A dream sheep (D:7)
  2 steam dragons
  Eustachio (D:5)
  A sky beast (D:6)
  An ogre (D:7)
  A phantom (D:6)
  A centaur (D:6)
  A kobold brigand (D:6)
  2 scorpions (D:6)
  3 water moccasin zombies (Ossuary)
  A burial acolyte (Ossuary)
  3 killer bees (Temple)
  2 howler monkeys
  A bombardier beetle (D:4)
  A jelly (D:5)
  3 orc priests
  3 hounds
  6 gnoll boudas
  4 iguanas
  2 sleepcaps
  3 crocodile zombies (Ossuary)
  2 mummies (Ossuary)
  Robin (D:4)
  18 gnolls
  8 adders
  A white imp (Temple)
  7 adder zombies (Ossuary)
  A ribbon worm (D:3)
  9 orcs
  6 ball pythons
  3 endoplasms
  A giant cockroach (D:3)
  10 gnoll zombies (Ossuary)
  7 hobgoblins
  3 quokkas
  10 bats
  12 goblins
  2 jackal zombies (Ossuary)
  8 kobolds
  2 orc zombies (Ossuary)
  7 rats
161 creatures vanquished.

Vanquished Creatures (collateral kills)
  A sleepcap (D:4)
  2 gnolls (D:6)
  2 endoplasms (D:4)
  A ball python (D:4)
  A frilled lizard (D:1)
7 creatures vanquished.

Grand Total: 168 creatures vanquished

Table legend: (Time is in decaauts)
 A = Elapsed time spent in this place.
 B = Non-inter-level travel time spent in this place.
 C = Inter-level travel time spent in this place.
 D = Time resting spent in this place.
 E = Time spent auto-exploring this place.
 F = Levels seen in this place.
 G = Mean time per level.
                   A        B        C        D        E       F      G
               +--------+--------+--------+--------+--------+-----+--------+
         Total |  10636 |  10184 |    452 |   2607 |   5869 |   9 | 1181.8 |
       Dungeon |   8335 |   7883 |    452 |   1002 |   5541 |   7 | 1190.7 |
        Temple |   1361 |   1361 |      0 |   1316 |      0 |   1 | 1361.0 |
       Ossuary |    939 |    939 |      0 |    289 |    328 |   1 |  939.0 |
               +--------+--------+--------+--------+--------+-----+--------+

Top non-repeatable levels by time:
     D:5: 1948 daAuts
     D:6: 1701 daAuts
  Temple: 1361 daAuts
     D:3: 1201 daAuts
     D:2: 1001 daAuts
 Ossuary: 939 daAuts
     D:4: 936 daAuts
     D:7: 926 daAuts
     D:1: 618 daAuts

Table legend:
 A = Non-vault XP
 B = Vault XP
 C = Vault XP percentage of total XP
 D = Non-vault monster count
 E = Vault monster count
 F = Vault count percentage of total count
                 A         B        C        D         E       F
            +---------+---------+-------+---------+---------+-------
      Total |    2703 |     999 |  27.0 |     121 |      47 |  28.0
            +---------+---------+-------+---------+---------+-------
        D:1 |      21 |       0 |   0.0 |      16 |       0 |   0.0
        D:2 |      34 |       0 |   0.0 |      13 |       0 |   0.0
        D:3 |      51 |       4 |   7.3 |      14 |       2 |  12.5
        D:4 |     268 |      31 |  10.4 |      16 |      11 |  40.7
        D:5 |     641 |     191 |  23.0 |      21 |       1 |   4.5
        D:6 |    1015 |      13 |   1.3 |      28 |       1 |   3.4
        D:7 |     475 |     284 |  37.4 |       9 |       2 |  18.2
     Temple |     198 |       0 |   0.0 |       4 |       0 |   0.0
    Ossuary |       0 |     476 | 100.0 |       0 |      30 | 100.0
            +---------+---------+-------+---------+---------+-------
